 Dungeon Crawl Stone Soup version 0.31-a0-188-g5e087ee2ca (webtiles) character file.

Game seed: 7585037831329058450

4997 qw the Markself (level 10, -3/56 HPs)
             Began as a Deep Elf Hunter on June 22, 2023.
             Was a Believer of Okawaru.
             Slain by a wolf (9 damage)
             ... on level 1 of the Lair of Beasts.
             The game lasted 00:03:00 (6525 turns).

qw the Markself (Deep Elf Hunter)                   Turns: 6525, Time: 00:03:00

Health: -3/56      AC: 13    Str: 12    XL:     10   Next: 29%
Magic:  14/15      EV: 19    Int: 15    God:    Okawaru [**....]
Gold:   395        SH:  0    Dex: 24    Spells: 9/9 levels left

rFire   . . .        Y - +0 orcbow
rCold   . . .        (shield currently unavailable)
rNeg    + . .        e - +0 swamp dragon scales
rPois   +            d - +0 helmet
rElec   .            (no cloak)
rCorr   .            r - +0 pair of gloves
SInv    .            k - +0 pair of boots
Will    +....        p - amulet of regeneration
Stlth   +++          j - +6 ring of dexterity
HPRegen 1.09/turn    l - ring "Cuabi" {Fly rN+}
MPRegen 0.14/turn

%: no passive effects
@: heroic, flying
A: no striking features
a: Renounce Religion, Heroism


You were on level 1 of the Lair of Beasts.
You worshipped Okawaru.
Okawaru was pleased with you.
You visited 3 branches of the dungeon, and saw 10 of its levels.

You collected 395 gold pieces.


   Skills:
 - Level 4.0(9.0) Fighting
 - Level 16.0(21.0) Ranged Weapons
 - Level 3.1(8.1) Armour
 + Level 7.1(12.1) Dodging
 - Level 1.2(6.2) Stealth
 - Level 4.9 Invocations


You had 9 spell levels left.
You didn't know any spells.
Your spell library was empty.

Inventory:

Hand Weapons
 Y - a +0 orcbow (weapon)
Armour
 d - a +0 helmet (worn)
 e - +0 swamp dragon scales (worn)
 k - a +0 pair of boots (worn)
 r - a +0 pair of gloves (worn)
Jewellery
 j - a +6 ring of dexterity (left hand)
 l - the ring "Cuabi" (right hand) {Fly rN+}
   (You acquired it on level 5 of the Dungeon)

   [ring of flight]

   rN:        It protects you from negative energy.
   Fly:       It grants you flight.
 m - a +4 ring of protection
 p - an amulet of regeneration (around neck)
Scrolls
 h - a scroll of identify
Potions
 a - 2 potions of haste
 b - 3 potions of mutation
 c - a potion of attraction {unknown}
 f - 4 potions of curing
 g - a potion of enlightenment
 i - a potion of might
 n - a potion of cancellation {unknown}

Dungeon Overview and Level Annotations

Branches:
Dungeon (8/15)             Temple (1/1) D:7            Lair (1/5) D:8

Altars:
Ashenzari
Cheibriados
Dithmenos
Elyvilon
Fedhas
Gozag
Hepliaklqana
Makhleb
Nemelex Xobeh
Okawaru
Qazlal
Ru
Sif Muna
Trog
Uskayaw
Vehumet
Wu Jian
Xom
Yredelemnul
Zin
The Shining One

Shops:
D:3 (

Annotations:
D:4 3 runed translucent doors, qw's ghost, amateur NaHu
D:7 2 transporters, qw's ghost, novice GrFi


Message History

The wolf closely misses you.
You shoot an arrow. The arrow hits the wolf.
The wolf is heavily wounded.
The wolf misses you. The wolf bites you but does no damage.
The wolf misses you. The wolf closely misses you. The wolf barely misses you.
You shoot an arrow. The arrow closely misses the wolf.
The arrow hits the wolf!!
You kill the wolf!
Okawaru accepts your kill. The wolf completely misses you.
The wolf closely misses you. The wolf completely misses you.
The wolf misses you. The wolf closely misses you. x2
Your base Armour skill increases to level 3!
You shoot an arrow.
The arrow hits the wolf but does no damage.
The wolf is heavily wounded.
The wolf misses you. x2; The wolf closely misses you. x3
You shoot an arrow. The arrow barely misses the wolf.
The wolf bites you but does no damage. x2; The wolf barely misses you.
The wolf misses you. The wolf bites you! The wolf misses you.
You shoot an arrow. The arrow hits the wolf.
The wolf is heavily wounded.
The wolf bites you but does no damage. The wolf barely misses you.
The wolf completely misses you. The wolf bites you but does no damage.
The wolf completely misses you.
You shoot an arrow.
The arrow hits the wolf but does no damage.
The wolf is heavily wounded.
The wolf bites you but does no damage. The wolf completely misses you.
The wolf misses you. The wolf bites you but does no damage. The wolf bites you.
The wolf closely misses you.
You shoot an arrow.
The arrow hits the wolf but does no damage.
The wolf is heavily wounded.
The wolf closely misses you. The wolf bites you! The wolf misses you.
The wolf bites you. x2
You shoot an arrow.
The arrow hits the wolf but does no damage.
The wolf is heavily wounded.
The wolf barely misses you. The wolf closely misses you. The wolf bites you!
You die...

.. #........ ..#
####...###..
.).#########.##....# .
..................###.
......................
..............####....
####...P.....# ..##
#.h.#.....# .#
#@h.^#....# ##
#hh.##....#
#%..##....#
#.........#
....##..... .....# ..
##.... . ##....


You could see 4 wolves.

Vanquished Creatures
  A two-headed ogre (D:8)
  A troll (D:7)
  Prince Ribbit (D:8)
  A steam dragon (D:8)
  An acid dragon (D:6)
  2 water moccasins (Lair:1)
  2 black bears (D:7)
  2 sky beasts
  2 orc warriors (D:8)
  An ogre (D:5)
  2 wolves (Lair:1)
  2 centaurs
  A kobold brigand (D:8)
  A gnoll sergeant (D:8)
  9 bullfrogs
  5 scorpions
  5 wights (D:8)
  5 killer bees (D:7)
  A howler monkey (D:6)
  A gnoll bouda (D:6)
  4 orc priests
  2 jellies
  6 hounds
  4 iguanas
  2 sleepcaps
  Natasha (thrice) (D:3)
  5 orc wizards
  22 gnolls
  6 adders
  A white imp (D:4)
  4 ufetubi
  2 worms
  3 dart slugs
  19 orcs
  5 ball pythons
  3 endoplasms
  A giant cockroach (D:2)
  8 goblins
  4 hobgoblins
  2 jackals (D:4)
  7 kobolds
  3 quokkas
  A bat (D:2)
  2 frilled lizards
  5 rats
170 creatures vanquished.

Vanquished Creatures (others)
  An orc wizard (D:4)
1 creature vanquished.

Grand Total: 171 creatures vanquished

Notes
Turn   | Place    | Note
-------+----------+-------------------------------------------
     0 | D:1      | qw the Deep Elf Hunter began the quest for the Orb.
     0 | D:1      | Reached XP level 1. HP: 12/12 MP: 3/3
     0 | D:1      | 0 ||| qw: Version: 0.3-a-9-g12657ce
     0 | D:1      | 0 ||| qw: Game counter: 3017
     0 | D:1      | 0 ||| qw: Always use a shield: true
     0 | D:1      | 0 ||| qw: God list: Okawaru
     0 | D:1      | 0 ||| qw: Allow faded altars: false
     0 | D:1      | 0 ||| qw: Do Orc after D:15 true
     0 | D:1      | 0 ||| qw: Do second Lair branch before Depths: true
     0 | D:1      | 0 ||| qw: Lair rune preference: random
     0 | D:1      | 0 ||| qw: Plans: Normal
     0 | D:1      | 0 ||| PLANNING D:1-11
   276 | D:1      | Reached skill level 6 in Ranged Weapons
   276 | D:1      | Reached XP level 2. HP: 16/16 MP: 4/4
   567 | D:1      | 567 ||| UPGRADING to +0 swamp dragon scales.
   577 | D:1      | 577 ||| DROPPING +0 leather armour.
   578 | D:1      | 578 ||| UPGRADING to +6 ring of dexterity.
   579 | D:1      | 579 ||| READING scroll labelled UCAOPRENO.
   580 | D:1      | 580 ||| READING scroll labelled GISEIG VEEGOUKK.
   581 | D:1      | 581 ||| DROPPING scroll of butterflies.
   706 | D:2      | You fall into a shaft and drop 2 floors!
   718 | D:4      | Reached XP level 3. HP: 20/20 MP: 5/5
   728 | D:4      | Reached skill level 7 in Ranged Weapons
   793 | D:4      | Found a shimmering blue altar of Sif Muna.
   814 | D:4      | 814 ||| READING scroll labelled QIDUZUINTO.
   868 | D:3      | Noticed Natasha
   872 | D:3      | HP: 5/20 [cerulean imp/+1 spear[Natasha] (2)]
   877 | D:3      | HP: 2/20 [cerulean imp/+1 spear[Natasha] (1)]
   878 | D:3      | Killed Natasha
   879 | D:3      | Reached XP level 4. HP: 3/25 MP: 6/6
   973 | D:3      | 973 ||| READING scroll of brand weapon.
   973 | D:3      | 973 ||| BRANDING +0 shortbow of electrocution.
   984 | D:3      | Found Renuneh's Antique Weapon Shoppe.
  1142 | D:3      | Noticed Natasha
  1145 | D:3      | Killed Natasha
  1146 | D:3      | Reached skill level 8 in Ranged Weapons
  1284 | D:3      | Found a sacrificial altar of Ru.
  1284 | D:3      | Found a shimmering altar of Xom.
  1285 | D:3      | Found a hide-covered altar of Uskayaw.
  1338 | D:3      | Reached skill level 3 in Dodging
  1338 | D:3      | Reached XP level 5. HP: 29/29 MP: 7/7
  1366 | D:3      | 1366 ||| READING scroll labelled SISUYWA HAEZIO.
  1367 | D:3      | 1367 ||| READING scroll labelled MEJ QUD GOGIE.
  1368 | D:3      | 1368 ||| DRINKING 2 blue potions.
  1369 | D:3      | 1369 ||| DRINKING 2 murky orange potions.
  1821 | D:2      | 1821 ||| UPGRADING to +0 helmet.
  1908 | D:3      | Found a burning altar of Makhleb.
  1912 | D:3      | 1912 ||| READING scroll of brand weapon.
  1912 | D:3      | 1912 ||| BRANDING +0 shortbow of freezing.
  2160 | D:3      | Noticed Natasha
  2163 | D:3      | Killed Natasha
  2164 | D:3      | Reached skill level 1 in Armour
  2238 | D:3      | 2238 ||| READING scroll labelled WABROD ONOIFU.
  2239 | D:3      | 2239 ||| READING 2 scrolls of identify.
  2239 | D:3      | 2239 ||| IDENTIFYING lumpy clear potion
  2398 | D:4      | Reached skill level 9 in Ranged Weapons
  2398 | D:4      | Reached XP level 6. HP: 34/34 MP: 8/8
  2503 | D:4      | 2503 ||| FLEEEEING.
  2505 | D:4      | 2505 ||| FLEEEEING.
  2769 | D:4      | Found a runed translucent gate.
  2769 | D:4      | Found a runed translucent gate.
  2772 | D:4      | Found a runed translucent gate.
  2775 | D:4      | Noticed qw's ghost (amateur NaHu)
  2921 | D:4      | 2921 ||| READING scroll labelled ICLUENE DINUR.
  2938 | D:4      | 2938 ||| READING scroll labelled QIEJIUTUR.
  2939 | D:4      | 2939 ||| DRINKING 2 emerald potions.
  2940 | D:4      | 2940 ||| DRINKING 2 glowing dark potions.
  3049 | D:4      | 3049 ||| READING 5 scrolls of identify.
  3049 | D:4      | 3049 ||| IDENTIFYING amethyst potion
  3050 | D:4      | 3050 ||| READING 4 scrolls of identify.
  3050 | D:4      | 3050 ||| IDENTIFYING pink potion
  3051 | D:4      | 3051 ||| READING 3 scrolls of identify.
  3051 | D:4      | 3051 ||| IDENTIFYING viscous red potion
  3052 | D:4      | 3052 ||| READING 2 scrolls of identify.
  3052 | D:4      | 3052 ||| IDENTIFYING viscous black potion
  3053 | D:4      | 3053 ||| DROPPING potion of degeneration.
  3054 | D:4      | 3054 ||| DROPPING potion of brilliance.
  3055 | D:4      | 3055 ||| DROPPING potion of invisibility.
  3056 | D:4      | 3056 ||| DROPPING potion of berserk rage.
  3094 | D:5      | Entered Level 5 of the Dungeon
  3114 | D:5      | 3114 ||| FLEEEEING.
  3119 | D:5      | 3119 ||| FLEEEEING.
  3120 | D:5      | 3120 ||| FLEEEEING.
  3121 | D:5      | 3121 ||| FLEEEEING.
  3122 | D:5      | 3122 ||| FLEEEEING.
  3123 | D:5      | 3123 ||| FLEEEEING.
  3124 | D:5      | 3124 ||| FLEEEEING.
  3125 | D:5      | 3125 ||| FLEEEEING.
  3126 | D:5      | 3126 ||| FLEEEEING.
  3128 | D:5      | 3128 ||| STAIRDANCE
  3304 | D:5      | Reached skill level 10 in Ranged Weapons
  3346 | D:5      | Reached XP level 7. HP: 40/40 MP: 9/9
  3384 | D:5      | 3384 ||| FLEEEEING.
  3385 | D:5      | 3385 ||| FLEEEEING.
  3386 | D:5      | 3386 ||| FLEEEEING.
  3389 | D:5      | 3389 ||| FLEEEEING.
  3390 | D:5      | 3390 ||| FLEEEEING.
  3391 | D:5      | 3391 ||| FLEEEEING.
  3392 | D:5      | 3392 ||| FLEEEEING.
  3393 | D:5      | 3393 ||| FLEEEEING.
  3394 | D:5      | 3394 ||| FLEEEEING.
  3395 | D:5      | 3395 ||| FLEEEEING.
  3396 | D:5      | 3396 ||| FLEEEEING.
  3397 | D:5      | 3397 ||| FLEEEEING.
  3398 | D:5      | 3398 ||| FLEEEEING.
  3399 | D:5      | 3399 ||| FLEEEEING.
  3404 | D:5      | 3404 ||| FLEEEEING.
  3405 | D:5      | 3405 ||| FLEEEEING.
  3406 | D:5      | 3406 ||| FLEEEEING.
  3407 | D:5      | 3407 ||| FLEEEEING.
  3408 | D:5      | 3408 ||| FLEEEEING.
  3409 | D:5      | 3409 ||| FLEEEEING.
  3410 | D:5      | 3410 ||| FLEEEEING.
  3427 | D:5      | Found a bloodstained altar of Trog.
  3625 | D:5      | Reached skill level 11 in Ranged Weapons
  4329 | D:6      | 4329 ||| Stepping ~*~*~tactically~*~*~ (outnumbered).
  4332 | D:6      | 4332 ||| Stepping ~*~*~tactically~*~*~ (outnumbered).
  4340 | D:6      | 4340 ||| Stepping ~*~*~tactically~*~*~ (outnumbered).
  4344 | D:6      | Reached skill level 12 in Ranged Weapons
  4346 | D:6      | Reached XP level 8. HP: 32/45 MP: 10/10
  4473 | D:6      | Reached skill level 3 in Fighting
  4573 | D:6      | 4573 ||| FLEEEEING.
  4578 | D:6      | 4578 ||| FLEEEEING.
  4579 | D:6      | 4579 ||| FLEEEEING.
  4580 | D:6      | 4580 ||| FLEEEEING.
  4581 | D:6      | 4581 ||| FLEEEEING.
  4582 | D:6      | 4582 ||| FLEEEEING.
  4583 | D:6      | 4583 ||| FLEEEEING.
  4584 | D:6      | 4584 ||| FLEEEEING.
  4585 | D:6      | 4585 ||| FLEEEEING.
  4586 | D:6      | 4586 ||| FLEEEEING.
  4587 | D:6      | 4587 ||| FLEEEEING.
  4588 | D:6      | 4588 ||| FLEEEEING.
  4589 | D:6      | 4589 ||| FLEEEEING.
  4592 | D:6      | 4592 ||| STAIRDANCE
  4694 | D:5      | 4694 ||| UPGRADING to +0 pair of boots.
  4699 | D:5      | 4699 ||| UPGRADING to amulet of regeneration.
  4704 | D:5      | 4704 ||| READING scroll labelled ZASAIPT ERHIA.
  4705 | D:5      | 4705 ||| READING scroll labelled DOMEON XOESHU.
  4706 | D:5      | 4706 ||| READING scroll labelled FUIGUTHUCWOR.
  4706 | D:5      | Identified a scroll of acquirement
  4706 | D:5      | 4706 ||| ACQUIRING ring "Cuabi" {Fly rN+}
  4706 | D:5      | Acquired the ring "Cuabi" {Fly rN+}
  4708 | D:5      | 4708 ||| UPGRADING to ring "Cuabi" {Fly rN+}.
  4773 | D:6      | 4773 ||| DRINKING 2 potions of curing.
  4773 | D:6      | 4773 ||| (to cure confusion)
  4828 | D:6      | Identified the +1 robe "Ungo" {Int+4}
  4877 | D:6      | Found a white marble altar of Elyvilon.
  4913 | D:6      | 4913 ||| DROPPING +1 robe "Ungo" {Int+4}.
  5016 | D:7      | Found a staircase to the Ecumenical Temple.
  5016 | D:7      | Noticed a troll
  5017 | D:7      | 5017 ||| PLANNING TEMPLE
  5026 | D:7      | Killed a troll
  5027 | D:7      | Reached skill level 13 in Ranged Weapons
  5043 | Temple   | Entered the Ecumenical Temple
  5045 | Temple   | 5045 ||| PLANNING OKAWARU WORSHIP
  5063 | Temple   | Became a worshipper of Warmaster Okawaru
  5064 | Temple   | 5064 ||| PLANNING D:1-11
  5105 | D:7      | Reached skill level 14 in Ranged Weapons
  5105 | D:7      | Reached XP level 9. HP: 51/51 MP: 11/11
  5214 | D:7      | Found a transporter.
  5215 | D:7      | Found a bloodstained altar of Trog.
  5215 | D:7      | Noticed qw's ghost (novice GrFi)
  5222 | D:7      | Found a transporter.
  5227 | D:7      | Noticed a moth of wrath
  5259 | D:7      | Reached skill level 6 in Dodging
  5373 | D:7      | Found a stormy altar of Qazlal.
  5475 | D:7      | Reached * piety under Okawaru
  5607 | D:7      | Reached skill level 1 in Invocations
  5612 | D:7      | 5612 ||| INVOKING Heroism.
  5618 | D:7      | HP: 12/52 [killer bee (3)]
  5804 | D:7      | 5804 ||| UPGRADING to +0 pair of gloves.
  5809 | D:7      | 5809 ||| READING scroll labelled OMEBIZOXKI.
  5810 | D:7      | 5810 ||| READING scroll labelled IVYVOP QUCOC.
  5896 | D:8      | 5896 ||| SWAPPING to +0 orcbow.
  5897 | D:8      | 5897 ||| DROPPING +0 shortbow of electrocution.
  5950 | D:8      | Noticed a two-headed ogre
  5951 | D:8      | 5951 ||| INVOKING Heroism.
  5953 | D:8      | Reached skill level 3 in Invocations
  5963 | D:8      | Killed a two-headed ogre
  5963 | D:8      | Reached ** piety under Okawaru
  5982 | D:8      | Reached skill level 15 in Ranged Weapons
  5994 | D:8      | 5994 ||| INVOKING Heroism.
  6023 | D:8      | 6023 ||| INVOKING Heroism.
  6035 | D:8      | Reached XP level 10. HP: 56/56 MP: 13/15
  6054 | D:8      | 6054 ||| INVOKING Heroism.
  6101 | D:8      | 6101 ||| INVOKING Heroism.
  6117 | D:8      | Found a staircase to the Lair.
  6228 | D:8      | Noticed Prince Ribbit
  6240 | D:8      | Killed Prince Ribbit
  6322 | D:8      | Found a blossoming altar of Fedhas.
  6332 | D:8      | 6332 ||| PLANNING LAIR
  6332 | D:8      | 6332 ||| READING scroll labelled MAC RICRAE.
  6354 | D:8      | 6354 ||| DRINKING 2 fizzy yellow potions.
  6406 | D:8      | 6406 ||| DROPPING potion of lignification.
  6446 | Lair:1   | Entered Level 1 of the Lair of Beasts
  6481 | Lair:1   | Reached skill level 16 in Ranged Weapons
  6516 | Lair:1   | 6516 ||| INVOKING Heroism.
  6520 | Lair:1   | Reached skill level 3 in Armour
  6524 | Lair:1   | HP: 12/56 [wolf (8)]
  6524 | Lair:1   | HP: 5/56 [wolf (4)]
  6525 | Lair:1   | Slain by a wolf

Levels and vault maps discovered:
D:1:      onia_arrival_pyramid, layout_loops_ring
D:2:      layout_basic
D:3:      layout_loops_corners, makhleb_altar_promises_db,
          chequers_temple_overflow_statue_of_worship, serial_shops,
          nicolae_shop_rolling_square, uniq_natasha
D:4:      layout_loops_ring, led_sif_book, gammafunk_ghost_necromancy
D:5:      layout_cave_pods, mainiacjoe_overflow_brackets,
          chequers_serial_rivers_micro_e
D:6:      layout_basic, mainiacjoe_overflow_alcove_4
D:7:      layout_cave_pods, nicolae_qazlal_beasts_of_the_sky,
          minmay_temple_entry_statues_fountains,
          gammafunk_ghost_wrathful_warriors
D:8:      layout_rooms, overflow_temple_1_default,
          grunt_lair_entry_orc_guard_hut, uniq_prince_ribbit1
Temple:   hellmonk_temple_two_chambers
Lair:1:   layout_small_grid, portal_ice_cave_entry_ice_simulacra,
          serial_bayou_pond_e, uniq_grum, uniq_nergalle

Skill      XL: |  1  2  3  4  5  6  7  8  9 10 |
---------------+-------------------------------+-----
Ranged Weapons | 6 7 8 9 10 12 14 15 16 | 16.0
Dodging        | 3 4 5 7 |  7.1
Armour         | 1 2 3 |  3.1
Fighting       | 2 3 4 |  4.0
Invocations    | 4 |  4.9
Stealth        | |  1.2

Action                     |  1- 3 |  4- 6 |  7- 9 | 10-12 || total
---------------------------+-------+-------+-------+-------++-------
   Fire: Shortbow          |    88 |   134 |   223 |       ||   445
         Orcbow            |       |       |    70 |    94 ||   164
 Invoke: Heroism           |       |       |     4 |     3 ||     7
    Use: Scroll            |     3 |    12 |     5 |     1 ||    21
         Potion            |       |     4 |     1 |     1 ||     6
 Armour: Leather armour    |     3 |       |       |       ||     3
         Swamp dragon scal |     4 |    10 |    41 |    21 ||    76
  Dodge: Dodged            |    25 |    30 |   109 |    60 ||   224

Table legend:
 A = Non-vault XP
 B = Vault XP
 C = Vault XP percentage of total XP
 D = Non-vault monster count
 E = Vault monster count
 F = Vault count percentage of total count
                 A         B        C        D         E       F
            +---------+---------+-------+---------+---------+-------
      Total |    6273 |     866 |  12.1 |     162 |       8 |   4.7
            +---------+---------+-------+---------+---------+-------
        D:1 |      27 |       0 |   0.0 |      12 |       0 |   0.0
        D:2 |      40 |       0 |   0.0 |      16 |       0 |   0.0
        D:3 |     131 |      35 |  21.1 |      20 |       1 |   4.8
        D:4 |     343 |      35 |   9.3 |      18 |       1 |   5.3
        D:5 |     498 |       0 |   0.0 |      19 |       0 |   0.0
        D:6 |     796 |       0 |   0.0 |      23 |       0 |   0.0
        D:7 |    1495 |     133 |   8.2 |      19 |       1 |   5.0
        D:8 |    2329 |     663 |  22.2 |      30 |       5 |  14.3
     Lair:1 |     614 |       0 |   0.0 |       5 |       0 |   0.0
            +---------+---------+-------+---------+---------+-------
